[Event "Early-Titled-Tuesday-Blitz-February-06-2024"]
[Site "Chess.com"]
[Date "2024.02.06"]
[Round "6"]
[White "miraitrunks"]
[Black "ATM622"]
[Result "1-0"]
[WhiteElo "2162"]
[BlackElo "2435"]
[TimeControl "180+1"]
[EndTime "9:06:01 PST"]
[Termination "miraitrunks won by resignation"]

1. e4 c6 2. d4 d5 3. e5 Bf5 4.
h4 h5 5. c4 e6 6. Nc3 Nd7 7.
Bd3 Ne7 8. Nf3 Bxd3 9. Qxd3 Ng6 10. Bg5 Be7 11. Bxe7 Qxe7 12. g3 Qb4 13. cxd5 cxd5 14. O-O a6 15. Ng5 Qe7 16. f4 Ngf8 17. f5 f6 18. Nxe6 Nxe6 19. fxe6 Nf8 20. exf6 gxf6 21.
Nxd5 Qd6 22. Nxf6+ Kd8 23. d5 Nxe6 24. Rae1 Nc5 25.
Qg6 Kc7 26. b4 Na4 27. Ne8+ Rhxe8 28. Rf7+ Qd7 29. Rxd7+ Kxd7 30. Qf7+ 1-0

[Event "Early-Titled-Tuesday-Blitz-February-06-2024"]
[Site "Chess.com"]
[Date "2024.02.06"]
[Round "6"]
[White "dianamirza"]
[Black "threemind"]
[Result "0-1"]
[WhiteElo "1953"]
[BlackElo "2132"]
[TimeControl "180+1"]
[EndTime "9:06:02 PST"]
[Termination "threemind won on time"]

1. d4 a6 2. e4 b5 3. f4 Bb7 4. Bd3 Nf6 5. Nd2 e6 6. Ngf3 c5 7. c3 cxd4 8. cxd4 Nc6 9. O-O Rc8 10. a3 d5 11. e5 Nd7 12. f5 Be7 13. fxe6 fxe6 14.
Ne1 Nb6 15. Qh5+ Kd7 16. Nb3 Qe8 17. Rf7 g6 18. Nc5+ Kc7 19. Nxe6+ Kb8 20. Qf3 Nd7 21. Be3 Ka8 22. Nc2 Ndxe5 23. dxe5 Nxe5 24. Qg3 Nxf7 25. Nc7+ Rxc7 26. Qxc7 Qd8 27. Qf4 Nd6 28. Qd4 Nc8 29. Nb4 Rf8 30. Rf1 Bf6 31. Qc5 d4 32. Bf2 Be7 33.
Qc2 Bxb4 34. axb4 Qd5 0-1

[Event "Early-Titled-Tuesday-Blitz-February-06-2024"]
[Site "Chess.com"]
[Date "2024.02.06"]
[Round "6"]
[White "Laico"]
[Black "tolia123"]
[Result "1-0"]
[WhiteElo "2372"]
[BlackElo "2196"]
[TimeControl "180+1"]
[EndTime "9:06:08 PST"]
[Termination "Laico won by checkmate"]

1. e4 c5 2. Nc3 Nc6 3. f4 g6 4. Nf3 Bg7 5. Bb5 e6 6. Bxc6 bxc6 7. d3 Ne7 8. O-O O-O 9. e5 d5 10. Na4 Qa5 11. c4 f6 12. b3 fxe5 13. fxe5 Nf5 14. Qe1 Qxe1 15. Rxe1 Nd4 16. Nxd4 cxd4 17. Bb2 dxc4 18.
dxc4 Bb7 19. Nc5 Rf7 20. Bxd4 Re8 21. Rad1 Bc8 22. Ne4 Rd8 23. Nd6 Rf4 24. Bxa7 Ba6 25. Bc5 g5 26. Be3 Rff8 27. Bxg5 Rd7 28. Bf6 Bxf6 29.
exf6 Rfd8 30. Rxe6 Bc8 31. c5 Ba6 32. Re7 Kf8 33. Rde1 Bd3 34. Re8+ Rxe8 35. Rxe8# 1-0

[Event "Early-Titled-Tuesday-Blitz-February-06-2024"]
[Site "Chess.com"]
[Date "2024.02.06"]
[Round "6"]
[White "TregubovP"]
[Black "Rawnsdale"]
[Result "1-0"]
[WhiteElo "2683"]
[BlackElo "2509"]
[TimeControl "180+1"]
[EndTime "9:06:09 PST"]
[Termination "TregubovP won by resignation"]

1. e4 c6 2. Nf3 d5 3. Nc3 dxe4 4. Nxe4 Nf6 5. Qe2 Nxe4 6. Qxe4 Nd7 7. Bc4 Nf6 8. Ne5 e6 9. Qf4 Bd6 10. d4 Bxe5 11. dxe5 Nd5 12. Qg3 g6 13. O-O h5 14.
Bg5 Qb6 15. Bb3 Bd7 16. Rad1 Qc7 17. Qf3 O-O 18. c4 Qxe5 19. Bh6 Nf6 20. Rfe1 Qf5 21. Qxf5 gxf5 22. Bg5 Ne4 23. Rxe4 fxe4 24. Rxd7 b6 25. Bf6 Kh7 26. Bc2 Kg6 27. Be7 Rfe8 28. Bxe4+ f5 29. Bxc6 Rac8 30. Bb5 e5 31. h4 f4 32. Rd6+ Kf7 33.
Bg5 Re6 34. Rd7+ Kg8 35. Rxa7 e4 36. Bd7 1-0

[Event "Early-Titled-Tuesday-Blitz-February-06-2024"]
[Site "Chess.com"]
[Date "2024.02.06"]
[Round "6"]
[White "salomez"]
[Black "NtcPou"]
[Result "1-0"]
[WhiteElo "2298"]
[BlackElo "2014"]
[TimeControl "180+1"]
[EndTime "9:06:09 PST"]
[Termination "salomez won by resignation"]

1. e4 c6 2. d4 d5 3. exd5 cxd5 4. Bd3 Nc6 5. c3 Qc7 6. h3 Nf6 7. Nf3 g6 8. O-O Bg7 9. Re1 Bf5 10. Bf1 O-O 11. Bg5 Ne4 12. Bh4 h6 13. Nbd2 g5 14. Nxe4 Bxe4 15. Bg3 Qd7 16. Ne5 Nxe5 17. dxe5 e6 18.
Rxe4 Qc6 19. Rd4 Rac8 20. h4 Qc7 21. hxg5 hxg5 22. Qg4 Qe7 23. f4 f6 24. Re1 f5 25.
Qxg5 Qxg5 26. fxg5 Rf7 27. c4 dxc4 28. Bxc4 Rc6 29. g6 Rf8 30. b3 a6 31. Rd6 Rxd6 32. exd6 1-0

[Event "Early-Titled-Tuesday-Blitz-February-06-2024"]
[Site "Chess.com"]
[Date "2024.02.06"]
[Round "6"]
[White "ValentinDragnev"]
[Black "Harsha_Bharathakoti"]
[Result "0-1"]
[WhiteElo "2761"]
[BlackElo "2934"]
[TimeControl "180+1"]
[EndTime "9:06:11 PST"]
[Termination "Harsha_Bharathakoti won by resignation"]

1. d4 d5 2. Nf3 Nf6 3. Bf4 e6 4. e3 Bd6 5. Nbd2 O-O 6. c3 c5 7. Ne5 Nc6 8. Bd3 Qc7 9. Ndf3 cxd4 10. exd4 Ne4 11. Bg3 Ne7 12. Qe2 f6 13. Ng4 Bd7 14. Bxe4 dxe4 15. Bxd6 Qxd6 16. Qxe4 f5 17. Qe5 Qa6 18.
Ne3 Ng6 19. Qc7 Rac8 20. Qxd7 Rfd8 21. Qxd8+ Rxd8 22. g3 f4 23. Ng4 Qc6 24. Ke2 Qe4+ 0-1

[Event "Early-Titled-Tuesday-Blitz-February-06-2024"]
[Site "Chess.com"]
[Date "2024.02.06"]
[Round "6"]
[White "DevikBronstein"]
[Black "Ranindu2003"]
[Result "1-0"]
[WhiteElo "2910"]
[BlackElo "2721"]
[TimeControl "180+1"]
[EndTime "9:06:11 PST"]
[Termination "DevikBronstein won by resignation"]

1. Nf3 d5 2. g3 g6 3. Bg2 Bg7 4. d4 Nf6 5. c4 c6 6. Qb3 O-O 7. Nc3 dxc4 8. Qxc4 b5 9. Qb3 a5 10. O-O a4 11. Qc2 Nd5 12. Nxd5 cxd5 13. Bf4 Bf5 14. Qd2 Nc6 15. Rfc1 Qb6 16. e3 Rac8 17. Rc5 Na5 18. Qb4 Bd3 19. Rac1 Nc4 20. Rxc8 Rxc8 21. b3 axb3 22. axb3 Nd6 23. Rxc8+ Nxc8 24.
Ne5 e6 25. Nxd3 1-0

[Event "Early-Titled-Tuesday-Blitz-February-06-2024"]
[Site "Chess.com"]
[Date "2024.02.06"]
[Round "6"]
[White "ChessQueen"]
[Black "Eloist"]
[Result "1-0"]
[WhiteElo "2690"]
[BlackElo "2424"]
[TimeControl "180+1"]
[EndTime "9:06:11 PST"]
[Termination "ChessQueen won by resignation"]

1. d4 e6 2. e4 d5 3. exd5 exd5 4. Nf3 Bf5 5. Bd3 Bxd3 6. Qxd3 Nc6 7. O-O Bd6 8. Nbd2 Nge7 9. c4 dxc4 10. Nxc4 O-O 11. Bg5 Qd7 12. Rfd1 h6 13. Bd2 Qf5 14. Qb3 Qd5 15.
Rac1 b5 16. Nxd6 Qxb3 17. axb3 cxd6 18. d5 Ne5 19. Nxe5 dxe5 20. Bb4 Rfe8 21. d6 Nf5 22. d7 Reb8 23. Rd5 Nd4 24. Kf1 f6 25. Be7 Ne6 26. Rc6 Nd8 27. Rc8 Rxc8 28. dxc8=Q Rxc8 29. Rxd8+ Rxd8 30. Bxd8 Kf7 31. Ke2 Ke6 32. Kd3 Kd5 33. g4 1-0

[Event "Early-Titled-Tuesday-Blitz-February-06-2024"]
[Site "Chess.com"]
[Date "2024.02.06"]
[Round "6"]
[White "N4700000"]
[Black "Yeritsyaan"]
[Result "0-1"]
[WhiteElo "2422"]
[BlackElo "2623"]
[TimeControl "180+1"]
[EndTime "9:06:13 PST"]
[Termination "Yeritsyaan won by resignation"]

1. e4 e6 2. Nf3 d5 3. e5 c5 4.
b4 Nc6 5. bxc5 Bxc5 6. d4 Bb6 7.
c3 Bd7 8. Bd3 Nge7 9. h4 h6 10.
h5 Na5 11. O-O Rc8 12. Nh4 a6 13. Qg4 Kf8 14. Re1 Bb5 15. Bc2 Qd7 16. a4 Bc4 17.
Re3 Nb3 18. Rg3 Rg8 19. Bh7 Nxc1 20. Bxg8 Ne2+ 21. Kh2 Nxg3 22. Bxf7 Nf1+ 23. Kg1 Kxf7 24. Na3 Nd2 25. Re1 Ne4 26. Re3 Ng5 27. Nxc4 Rxc4 28. f4 Ne4 29. Rf3 Nf5 30. Nxf5 exf5 31. Qg6+ Kf8 32. g4 Rc6 0-1

[Event "Early-Titled-Tuesday-Blitz-February-06-2024"]
[Site "Chess.com"]
[Date "2024.02.06"]
[Round "6"]
[White "amanjazu"]
[Black "SnekkerAndersen"]
[Result "1-0"]
[WhiteElo "2468"]
[BlackElo "2633"]
[TimeControl "180+1"]
[EndTime "9:06:14 PST"]
[Termination "amanjazu won by checkmate"]

1. g3 d5 2. Bg2 Nf6 3. f4 c5 4. Nf3 Nc6 5. O-O g6 6. d3 Bg7 7. Nc3 O-O 8. e4 d4 9. Ne2 b5 10. h3 Rb8 11. g4 c4 12. e5 Ne8 13. dxc4 bxc4 14. Nfxd4 Nxd4 15. Qxd4 Qc7 16. Be3 Be6 17.
Rab1 a6 18. Nc3 f6 19. Bd5 Bxd5 20. Nxd5 Qa5 21. Nxe7+ Kh8 22. Nc6 Qc7 23. Nxb8 Qxb8 24. Qxc4 fxe5 25. fxe5 Rxf1+ 26. Rxf1 Qxe5 27. Bf4 Qxb2 28. Re1 Qb6+ 29. Kg2 Qd8 30. Qf7 Nf6 31. g5 Qa8+ 32. Kh2 Qa7 33. Re8+ Nxe8 34. Qxe8+ Bf8 35. Qxf8# 1-0

[Event "Early-Titled-Tuesday-Blitz-February-06-2024"]
[Site "Chess.com"]
[Date "2024.02.06"]
[Round "6"]
[White "bilosuvenosu06"]
[Black "Barath1308"]
[Result "1-0"]
[WhiteElo "2591"]
[BlackElo "2398"]
[TimeControl "180+1"]
[EndTime "9:06:14 PST"]
[Termination "bilosuvenosu06 won by resignation"]

1. d4 Nf6 2. c4 e6 3. Nc3 Bb4 4. e3 O-O 5. Bd3 d5 6. Ne2 b6 7.
cxd5 exd5 8. O-O Bb7 9. Bd2 Nbd7 10. Rc1 a6 11. a3 Bd6 12. Nf4 c5 13. Qf3 cxd4 14.
exd4 Rc8 15. Qh3 g6 16. Nfe2 Ne4 17. Be3 Re8 18. Nxe4 dxe4 19. Bb1 b5 20. Nc3 Nb6 21. Ba2 Nc4 22. Bxc4 Rxc4 23. Ne2 Qc7 24. Qh4 Rc8 25. Rxc4 Qxc4 26. Ng3 Qd3 27. Qf6 Bf8 28. Bf4 Bd5 29. Be5 1-0

[Event "Early-Titled-Tuesday-Blitz-February-06-2024"]
[Site "Chess.com"]
[Date "2024.02.06"]
[Round "6"]
[White "FREDERICKtheMATE"]
[Black "EvgenyBurmakin"]
[Result "1-0"]
[WhiteElo "2647"]
[BlackElo "2443"]
[TimeControl "180+1"]
[EndTime "9:06:16 PST"]
[Termination "FREDERICKtheMATE won on time"]

1. d4 Nf6 2. c4 g6 3. Nf3 Bg7 4. Nc3 O-O 5. e4 d6 6. Be2 e5 7. Be3 Ng4 8. Bg5 f6 9. Bc1 Nc6 10. d5 Ne7 11. h3 Nh6 12. Bd2 Nf7 13. Qc2 f5 14. O-O-O Bd7 15. Ng5 Nxg5 16. Bxg5 a6 17. f3 b5 18. cxb5 axb5 19. Bxb5 Bxb5 20. Nxb5 Rxa2 21.
Qxc7 Qe8 22. Nxd6 Qa4 23. Qxe7 fxe4 24. Qe6+ Kh8 25. Nf7+ Rxf7 26. Qxf7 Ra1+ 27. Kd2 Qd4+ 28. Ke2 exf3+ 29. Qxf3 Qxb2+ 30. Kf1 Rxd1+ 31. Qxd1 Qb5+ 32. Kg1 e4 33. Bf4 Qc5+ 34. Kh2 Bd4 35. d6 e3 36.
Re1 Qd5 37. Kh1 e2 38. Qxe2 1-0

[Event "Early-Titled-Tuesday-Blitz-February-06-2024"]
[Site "Chess.com"]
[Date "2024.02.06"]
[Round "6"]
[White "JiiHart"]
[Black "CFalcons8"]
[Result "1/2-1/2"]
[WhiteElo "2154"]
[BlackElo "2313"]
[TimeControl "180+1"]
[EndTime "9:06:16 PST"]
[Termination "Game drawn by repetition"]

1. e4 c5 2. c3 d5 3. exd5 Qxd5 4. d4 cxd4 5. cxd4 Nc6 6. Nf3 e6 7. Nc3 Bb4 8. Bd3 Nf6 9. O-O Qd8 10. Bg5 O-O 11. Bc2 h6 12. Bh4 Be7 13. a3 Nd5 14. Qd3 g6 15. Nxd5 exd5 16. Bxe7 Qxe7 17. Rfe1 Qf6 18.
Qd2 Bg4 19. Ne5 Nxe5 20. dxe5 Qc6 21. h3 Be6 22. Rac1 Qb6 23. Qxh6 Qxb2 24. Bxg6 Rfc8 25. Qh7+ Kf8 26. Qh8+ Ke7 27. Qf6+ Kd7 28. Rxc8 Rxc8 29. Bxf7 Qb6 30. Bxe6+ Qxe6 31. Qxe6+ Kxe6 32. f4 Kf5 33. e6 Kxf4 34. e7 Re8 35. Kf2 b5 36. Re6 Kf5 37. Re1 a5 38. g4+ Kf6 39. h4 Rxe7 40. Rxe7 Kxe7 41.
Ke3 b4 42. axb4 axb4 43. Kd4 Kf6 44. h5 Kg5 45. Kd3 Kh6 46. Kd4 Kg5 47. Kd3 Kh6 48.
Kd4 Kg5 1/2-1/2

[Event "Early-Titled-Tuesday-Blitz-February-06-2024"]
[Site "Chess.com"]
[Date "2024.02.06"]
[Round "6"]
[White "Gravity_Chess"]
[Black "ukchessbomber"]
[Result "1-0"]
[WhiteElo "2859"]
[BlackElo "2654"]
[TimeControl "180+1"]
[EndTime "9:06:19 PST"]
[Termination "Gravity_Chess won by resignation"]

1. c4 b6 2. Nf3 Bb7 3. g3 g6 4. Bg2 Bg7 5. Nc3 Nf6 6. O-O c5 7. d3 O-O 8. Bg5 d6 9. Qd2 Nbd7 10. Bh6 a6 11. Rab1 Qc7 12. b4 e6 13. Bxg7 Kxg7 14. Qb2 cxb4 15. Qxb4 Bc6 16. Rfc1 Rab8 17. Nb5 Bxb5 18.
cxb5 Qa7 19. Nd4 Rbc8 20. Nc6 Qc7 21. bxa6 Nc5 22. a7 Nd5 23. Bxd5 exd5 24. Qd4+ f6 25. Nb4 Qxa7 26. Nxd5 Qxa2 27. Rxb6 Qxe2 28. Nf4 Qe5 29. Qxd6 Qxd6 30. Rxd6 Nb3 31. Rb1 Rc3 32. Ne6+ Kf7 33. Nxf8 Kxf8 34. Rxf6+ Kg7 35. Rd6 Nd2 36. Rb7+ Kh6 37.
Kg2 Nb3 38. Rdd7 Nc5 39. Rxh7+ Kg5 40. Rbf7 1-0

[Event "Early-Titled-Tuesday-Blitz-February-06-2024"]
[Site "Chess.com"]
[Date "2024.02.06"]
[Round "6"]
[White "ReinisUz"]
[Black "Muslim_player_05"]
[Result "1-0"]
[WhiteElo "2352"]
[BlackElo "2486"]
[TimeControl "180+1"]
[EndTime "9:06:20 PST"]
[Termination "ReinisUz won by checkmate"]

1. c4 Nf6 2. Nc3 g6 3. g3 Bg7 4. Bg2 O-O 5. e4 d6 6. Nge2 c5 7. O-O Nc6 8. Rb1 Ne8 9. a3 Nc7 10. b4 Ne6 11. d3 Ncd4 12. f4 Nxe2+ 13. Nxe2 Nd4 14. Bb2 Bg4 15. Bxd4 Bxd4+ 16. Kh1 Bxe2 17. Qxe2 cxb4 18. axb4 a5 19. bxa5 Ra7 20. Rb5 Qc7 21.
Rfb1 e5 22. f5 Rb8 23. Qd2 Rba8 24. h4 Rxa5 25. Rxb7 Qc8 26. Kh2 Ra2 27. Qh6 gxf5 28. Qg5+ Kh8 29. Qf6+ Kg8 30. Qxf7+ Kh8 31. Qg7# 1-0

[Event "Early-Titled-Tuesday-Blitz-February-06-2024"]
[Site "Chess.com"]
[Date "2024.02.06"]
[Round "6"]
[White "FGHSMN"]
[Black "GHANDEEVAM2003"]
[Result "0-1"]
[WhiteElo "2941"]
[BlackElo "3033"]
[TimeControl "180+1"]
[EndTime "9:06:23 PST"]
[Termination "GHANDEEVAM2003 won by resignation"]

1. c4 d6 2. Nc3 g6 3. g3 Bg7 4. Bg2 Nc6 5. Nf3 Bd7 6. d4 Qc8 7. O-O Bh3 8. e4 h5 9. Bg5 h4 10. Bxh4 f6 11. d5 Nd8 12. g4 Qxg4 13. Bg3 Bxg2 14. Kxg2 f5 15. Nd4 Qh3+ 16. Kg1 Nh6 17. Ncb5 Kd7 18. Ne6 Ng4 19. Qf3 Nxh2 20. Qg2 Nxf1 21.
Qxh3 Rxh3 22. Rxf1 Nxe6 23. dxe6+ Kc6 24. Kg2 Rah8 25.
exf5 a6 26. Nc3 Bxc3 27. bxc3 gxf5 28. Kf3 R8h4 29. Kg2 Rh6 30. Re1 R3h5 31. Kf3 Rg6 32. Kf4 Rg4+ 33. Kf3 Rxc4 0-1

[Event "Early-Titled-Tuesday-Blitz-February-06-2024"]
[Site "Chess.com"]
[Date "2024.02.06"]
[Round "6"]
[White "wadsy27"]
[Black "cukricek"]
[Result "1-0"]
[WhiteElo "2625"]
[BlackElo "2343"]
[TimeControl "180+1"]
[EndTime "9:06:23 PST"]
[Termination "wadsy27 won by resignation"]

1. e4 c5 2. Nf3 g6 3. c3 d5 4. exd5 Qxd5 5. d4 Bg7 6. Nbd2 cxd4 7. Bc4 Qd8 8. Nxd4 Nf6 9. O-O O-O 10. N2f3 a6 11. Re1 Qc7 12. Qe2 e6 13. Ne5 b5 14.
Bb3 Bb7 15. Nxf7 Rxf7 16. Qxe6 Nc6 17. Bf4 Nxd4 18. cxd4 Qd7 19. Qxd7 Nxd7 20. Re7 1-0

[Event "Early-Titled-Tuesday-Blitz-February-06-2024"]
[Site "Chess.com"]
[Date "2024.02.06"]
[Round "6"]
[White "Susal_De_Silva"]
[Black "Juwen"]
[Result "0-1"]
[WhiteElo "2750"]
[BlackElo "2576"]
[TimeControl "180+1"]
[EndTime "9:06:24 PST"]
[Termination "Juwen won by resignation"]

1. e4 c5 2. Nf3 e6 3. d4 cxd4 4. Nxd4 Nf6 5. Nc3 Nc6 6. Be2 Bb4 7. O-O Bxc3 8. bxc3 Nxe4 9. Bd3 Nf6 10. Ba3 Nxd4 11.
cxd4 d6 12. d5 Nxd5 13. Qh5 Nf6 14. Qh4 O-O 15. Rad1 d5 16. Bb2 h6 17. Rfe1 Bd7 18.
Re3 Ne4 19. Qf4 f5 20. c4 Rf7 21. cxd5 exd5 22. h4 Bc6 23. f3 Qb6 24. Ba1 g5 25.
Qe5 Qxe3+ 0-1

[Event "Early-Titled-Tuesday-Blitz-February-06-2024"]
[Site "Chess.com"]
[Date "2024.02.06"]
[Round "6"]
[White "Suleyman_Chess06"]
[Black "ActorXu"]
[Result "1-0"]
[WhiteElo "2678"]
[BlackElo "2856"]
[TimeControl "180+1"]
[EndTime "9:06:25 PST"]
[Termination "Suleyman_Chess06 won by resignation"]

1. Nf3 d5 2. g3 Nf6 3. Bg2 e6 4. O-O Be7 5. d4 O-O 6. c4 dxc4 7.
Qc2 a6 8. a4 Bd7 9. Bg5 Bc6 10.
Bxf6 Bxf6 11. Nc3 Nd7 12. e4 Nb6 13. a5 Nc8 14. Rfd1 Be7 15. Ne5 Nd6 16. Nxc6 bxc6 17. e5 Nf5 18. Bxc6 Rb8 19. Ne2 h5 20. Be4 Nh6 21.
Qxc4 Rxb2 22. Qxa6 c5 23. d5 exd5 24. Bxd5 Qc7 25. e6 f5 26. Rab1 Rxb1 27. Rxb1 Ng4 28.
Nf4 Qe5 29. Rb7 Qd4 30. Qe2 Re8 31. Bc6 Rc8 32. Rxe7 Rxc6 33. Re8+ Kh7 34. e7 Nf6 35. Rf8 Qa1+ 36. Kg2 Qxa5 37. Rxf6 Rxf6 38. e8=Q Qa8+ 39.
Qxa8 1-0

[Event "Early-Titled-Tuesday-Blitz-February-06-2024"]
[Site "Chess.com"]
[Date "2024.02.06"]
[Round "6"]
[White "vovachesss"]
[Black "JeFumeDesClopes"]
[Result "1-0"]
[WhiteElo "2827"]
[BlackElo "2604"]
[TimeControl "180+1"]
[EndTime "9:06:25 PST"]
[Termination "vovachesss won by resignation"]

1. e4 g6 2. d4 Bg7 3. Nf3 d6 4. Nbd2 Nf6 5. Bb5+ c6 6. Bd3 O-O 7. O-O Nbd7 8. e5 Nd5 9. exd6 exd6 10. Nc4 N7b6 11. h3 Nxc4 12. Bxc4 a5 13. a4 h6 14. c3 Nf6 15. Re1 Kh7 16. Bd3 Be6 17. Bf4 Qd7 18. Qc2 Rfe8 19. Nh4 Kg8 20. Bh2 Nd5 21. Re2 Bf6 22. Nf3 Kg7 23. Rae1 Re7 24. Nd2 Kg8 25. Ne4 Bg7 26. Bxd6 f5 27. Nc5 Qxd6 28. Rxe6 Rxe6 29. Rxe6 Qf8 30. Rxg6 Nf4 31. Ne6 1-0

[Event "Early-Titled-Tuesday-Blitz-February-06-2024"]
[Site "Chess.com"]
[Date "2024.02.06"]
[Round "6"]
[White "GrumbleBruno"]
[Black "microbear"]
[Result "1/2-1/2"]
[WhiteElo "2458"]
[BlackElo "2298"]
[TimeControl "180+1"]
[EndTime "9:06:25 PST"]
[Termination "Game drawn by repetition"]

1. e4 c5 2. c3 e6 3. d4 cxd4 4.
cxd4 Nf6 5. e5 Nd5 6. Nf3 Bb4+ 7.
Bd2 O-O 8. Nc3 Nc6 9. Bd3 f5 10. Nxd5 exd5 11. Qb3 Bxd2+ 12. Nxd2 Nxd4 13. Qxd5+ Ne6 14. O-O Kh8 15. f4 Qb6+ 16. Kh1 Qxb2 17. Nc4 Qd4 18.
Qxd4 Nxd4 19. Nd6 b6 20. Rac1 Nc6 21. Rfd1 g6 22. Bb5 a6 23. Bxc6 dxc6 24. Rxc6 b5 25. Rdc1 Be6 26. Rc7 Bxa2 27. Rd7 Rfd8 28. Re7 b4 29.
Rcc7 Bg8 30. h3 b3 31. Nf7+ Bxf7 32. Rxf7 b2 33. Rxh7+ Kg8 34. Rhg7+ Kf8 35. Rgf7+ Kg8 36. Rg7+ Kh8 37. Rh7+ Kg8 38. Rhg7+ 1/2-1/2

[Event "Early-Titled-Tuesday-Blitz-February-06-2024"]
[Site "Chess.com"]
[Date "2024.02.06"]
[Round "6"]
[White "deribas12345"]
[Black "vasblesk"]
[Result "0-1"]
[WhiteElo "2515"]
[BlackElo "2735"]
[TimeControl "180+1"]
[EndTime "9:06:27 PST"]
[Termination "vasblesk won by resignation"]

1. d4 d5 2. c4 c6 3. Nf3 Nf6 4.
Nc3 e6 5. g3 dxc4 6. Bg2 Nbd7 7. a4 Be7 8. O-O O-O 9. e4 Re8 10. Nd2 e5 11. Nxc4 exd4 12. Qxd4 Bc5 13. Qd3 Ng4 14.
Bf4 Qf6 15. Nd6 Nxf2 16. Rxf2 Ne5 17. Nxe8 Bxf2+ 18. Kf1 Nxd3 19. Nxf6+ gxf6 20. Rd1 Nxf4 21. Rd8+ Kg7 22. gxf4 Bb6 23. Re8 Bc7 24. f5 Bxh2 25.
a5 Rb8 26. Na4 b6 27. axb6 Ba6+ 28. Kf2 Rxe8 29. bxa7 Ra8 0-1

[Event "Early-Titled-Tuesday-Blitz-February-06-2024"]
[Site "Chess.com"]
[Date "2024.02.06"]
[Round "6"]
[White "simonachess"]
[Black "JaackCamel"]
[Result "0-1"]
[WhiteElo "2323"]
[BlackElo "2168"]
[TimeControl "180+1"]
[EndTime "9:06:27 PST"]
[Termination "JaackCamel won by resignation"]

1. d4 d5 2. c4 e6 3. Nc3 c6 4.
e3 Nf6 5. Nf3 Nbd7 6. Bd3 dxc4 7. Bxc4 b5 8. Bd3 a6 9. e4 c5 10. e5 Nd5 11. O-O Bb7 12. Re1 h6 13. Ne4 Be7 14. a3 O-O 15. dxc5 Nxc5 16. Nxc5 Bxc5 17. b4 Bb6 18. Bb2 Nf4 19. Be4 Qxd1 20. Raxd1 Bxe4 21. Rxe4 Nd5 22. Bd4 Bxd4 23. Rexd4 Rac8 24. g3 Rc3 25. R4d3 Rfc8 26. Kg2 R8c4 27. Nd4 Rxd3 28. Rxd3 Rc1 29. Kf3 Rc4 30. h4 h5 31. Nb3 Kf8 32. Nc5 a5 33. Rb3 Ke7 34. Nd3 a4 35. Rb2 Rc3 36. Ke4 Rxa3 37. Nc5 Rc3 38. Nb7 Rc4+ 39. Kd3 Rxb4 40.
Kd2 Rxb2+ 0-1

[Event "Early-Titled-Tuesday-Blitz-February-06-2024"]
[Site "Chess.com"]
[Date "2024.02.06"]
[Round "6"]
[White "Flameboard08"]
[Black "Som2310"]
[Result "0-1"]
[WhiteElo "2571"]
[BlackElo "2794"]
[TimeControl "180+1"]
[EndTime "9:06:30 PST"]
[Termination "Som2310 won by resignation"]

1. f4 e5 2. fxe5 d6 3. exd6 Bxd6 4.
Nf3 Nf6 5. Nc3 O-O 6. d4 Re8 7. Bg5 h6 8. Bxf6 Qxf6 9. e4 Bg4 10. e5 Bb4 11. a3 Ba5 12. b4 Bb6 13. Nd5 Qc6 14. c4 Nd7 15. Be2 Bxf3 16. gxf3 Nxe5 17. dxe5 Rxe5 18. Nxb6 Rae8 19. Ra2 Qxf3 20. Rf1 Qc3+ 21. Kf2 Qh3 22. Nd5 c6 23. Nf6+ gxf6 24. Rg1+ Kh8 25. Bf3 Qxh2+ 26. Rg2 Qh4+ 27. Rg3 Rg5 28. Bg4 h5 29.
Qf3 Rxg4 30. Re2 Qxg3+ 31. Qxg3 Rxe2+ 32. Kxe2 Rxg3 0-1

[Event "Early-Titled-Tuesday-Blitz-February-06-2024"]
[Site "Chess.com"]
[Date "2024.02.06"]
[Round "6"]
[White "EsmeraldasAnderson03"]
[Black "djano"]
[Result "0-1"]
[WhiteElo "2411"]
[BlackElo "2604"]
[TimeControl "180+1"]
[EndTime "9:06:30 PST"]
[Termination "djano won on time"]

1. d4 d5 2. c4 e6 3. cxd5 exd5 4. Nc3 c5 5. Nf3 Nc6 6. e3 Nf6 7. Be2 Bd6 8. dxc5 Bxc5 9. O-O O-O 10. Nb5 Ne4 11. b3 Qf6 12. Nfd4 a6 13. Nc7 Nxd4 14. exd4 Bxd4 15. Nxa8 Bxa1 16. Qxd5 Bf5 17. Qxb7 Be5 18.
Nb6 Rb8 19. Nd5 Rxb7 20. Nxf6+ gxf6 21. Bf3 Rc7 22. Be3 Nc3 23. h4 Nxa2 24. g4 Bc2 25. Bd5 Nb4 26. Bc4 Bd3 0-1

[Event "Early-Titled-Tuesday-Blitz-February-06-2024"]
[Site "Chess.com"]
[Date "2024.02.06"]
[Round "6"]
[White "Squirlolz"]
[Black "Rurep26"]
[Result "0-1"]
[WhiteElo "2564"]
[BlackElo "2770"]
[TimeControl "180+1"]
[EndTime "9:06:31 PST"]
[Termination "Rurep26 won on time"]

1. e4 e6 2. d3 d5 3. Nd2 Nf6 4. e5 Nfd7 5. f4 f6 6. Ndf3 Be7 7. g3 fxe5 8. fxe5 O-O 9. Bh3 Nb6 10. Bf4 c5 11.
Qd2 d4 12. Ng5 Bxg5 13. Bxg5 Qd5 14. Bg2 Qxe5+ 15. Ne2 Nd5 16. O-O-O Rf2 17. Be4 Nd7 18. h4 N7f6 19. Rdf1 Nxe4 20. dxe4 Qxe4 21. Rxf2 Qxh1+ 22. Qd1 Qxd1+ 23. Kxd1 e5 24. Kd2 e4 25. Rf1 Bg4 26.
Nf4 Ne3 27. Re1 Re8 28. b3 h6 0-1

[Event "Early-Titled-Tuesday-Blitz-February-06-2024"]
[Site "Chess.com"]
[Date "2024.02.06"]
[Round "6"]
[White "ferdipy"]
[Black "NM_Antelacus"]
[Result "1-0"]
[WhiteElo "2402"]
[BlackElo "2225"]
[TimeControl "180+1"]
[EndTime "9:06:33 PST"]
[Termination "ferdipy won on time"]

1. e4 c5 2. d4 cxd4 3. c3 d3 4. c4 Nc6 5. Bxd3 g6 6. Nf3 Bg7 7. O-O d6 8. h3 Nf6 9. Nc3 O-O 10. Be3 a6 11. Qe2 Qc7 12. Rac1 Be6 13. Rfd1 Rac8 14. a3 Qb8 15. b4 Rfd8 16. Nd2 Ne5 17. f4 Nxd3 18.
Qxd3 b5 19. cxb5 axb5 20. Nxb5 Rxc1 21. Rxc1 Bd7 22. Nc3 Qa8 23. a4 Rc8 24. Nc4 Qb7 25. Nb6 Rc7 26. a5 Bc6 27. Ncd5 Bxd5 28. Rxc7 Qxc7 29.
exd5 Nd7 30. Nxd7 Qxd7 31. a6 Qa4 32. a7 Bf6 33. Qc4 Kg7 34. Qc8 Qb3 35. a8=Q Qxe3+ 36. Kh1 Qe1+ 37. Kh2 Kh6 38. Qg4 Qxb4 39. Qf8+ 1-0

[Event "Early-Titled-Tuesday-Blitz-February-06-2024"]
[Site "Chess.com"]
[Date "2024.02.06"]
[Round "6"]
[White "bescmelasti"]
[Black "Predo63"]
[Result "1/2-1/2"]
[WhiteElo "2681"]
[BlackElo "2524"]
[TimeControl "180+1"]
[EndTime "9:06:34 PST"]
[Termination "Game drawn - insufficient material"]

1. e4 c6 2. d4 d5 3. f3 g6 4.
Nc3 Bg7 5. e5 h5 6. Bf4 Bf5 7. Qd2 h4 8. O-O-O Qa5 9. Kb1 Bh6 10.
Nge2 Bxf4 11. Nxf4 e6 12. Bd3 Bxd3 13. Nxd3 Nd7 14.
Ne2 Qxd2 15. Rxd2 Ne7 16. c3 Kf8 17. Rdd1 Kg7 18. g4 hxg3 19. hxg3 Rxh1 20. Rxh1 Rh8 21. Rxh8 Kxh8 22. Kc2 Kg7 23. a4 g5 24. a5 a6 25. g4 f6 26. f4 Ng6 27. exf6+ Kxf6 28. Kd2 gxf4 29. Nexf4 Nxf4 30. Nxf4 e5 31. dxe5+ Nxe5 32. g5+ Kf5 33. Nd3 Nc4+ 34. Kc2 Kxg5 35. Nc5 Nd6 36. Kd3 Kf6 37. b4 Ke7 38. Kd4 Kd8 39.
Ke5 Nc4+ 40. Kd4 Kc7 41. Ne6+ Kb8 42. Nc5 Nd6 43. Nd7+ Kc7 44. Nc5 Nb5+ 45. Kd3 Kb8 46. Nd7+ Ka7 47. Nc5 Nd6 48. Nd7 Nc4 49. Nc5 b6 50.
axb6+ Kxb6 51. Nb3 a5 52. bxa5+ Nxa5 53. Nxa5 Kxa5 54.
c4 dxc4+ 55. Kxc4 c5 56. Kxc5 1/2-1/2